 Dungeon Crawl Stone Soup version 0.24-a0-292-g5c6fb1c (webtiles) character file.

Game seed: 1527618288675209212

14 frenix the Insei (level 2, 0/21 HPs)
             Began as a Demonspawn Transmuter on May 10, 2019.
             Succumbed to an adder's poison
             ... on level 2 of the Dungeon.
             The game lasted 00:02:56 (873 turns).

frenix the Insei (Demonspawn Transmuter)             Turns: 873, Time: 00:02:56

Health: 0/21       AC:  3    Str: 10    XL:     2   Next: 31%
Magic:  4/5        EV: 12    Int: 14    God:
Gold:   37         SH:  0    Dex: 13    Spells: 4/5 levels left

rFire    . . .     SeeInvis .     - Unarmed
rCold    . . .     Gourm    .   (no shield)
rNeg     . . .     Faith    .   b - +1 robe
rPois    .         Spirit   .   (no helmet)
rElec    .         Reflect  .   k - scarf {repulsion}
rCorr    .         Harm     .   (no gloves)
MR       .....                  (no boots)
Stlth    +.........             (no amulet)
HPRegen  0.07/turn              (no ring)
MPRegen  0.09/turn              (no ring)

@: lethally poisoned (0 -> -4), appendage (expiring), very slightly
contaminated, repel missiles
A: horns 2, powered by pain 1
a: End Transformation


You were on level 2 of the Dungeon.
You were not hungry.
You had grown temporary horns.
You visited 1 branch of the dungeon, and saw 2 of its levels.

You collected 37 gold pieces.

Inventory:

Missiles
 a - 28 arrows
Armour
 b - a +1 robe (worn)
 k - a scarf of repulsion (worn)
Potions
 e - a potion of invisibility
 g - a potion of magic
Comestibles
 d - 3 rations


   Skills:
 - Level 1.0 Fighting
 - Level 1.7 Dodging
 + Level 0.2 Stealth
 - Level 2.6 Unarmed Combat
 + Level 2.4 Spellcasting
 + Level 2.2 Transmutations


You had 4 spell levels left.
You knew the following spells:

 Your Spells              Type           Power        Failure   Level  Hunger
a - Beastly Appendage     Tmut           #.....       9%          1    #......

Your spell library contained the following spells:

 Spells                   Type           Power        Failure   Level  Hunger
 Sticks to Snakes         Tmut           #.......     14%         2    ###....
 Spider Form              Tmut/Pois      #.........   41%         3    ###....
 Ice Form                 Ice/Tmut       #.......     82%         4    #####..
 Blade Hands              Tmut           #.........   94%         5    ######.


Dungeon Overview and Level Annotations

Branches:
Dungeon (2/15)

Altars:
Wu Jian


Innate Abilities, Weirdness & Mutations

You sometimes gain a little power by taking damage.
You have a pair of horns on your head.


Message History

You closely miss the adder.
The adder is heavily wounded.
* * * LOW HITPOINT WARNING * * *
You feel sick. The adder misses you.
You barely miss the adder.
The adder is heavily wounded.
The adder barely misses you. x2
You hit the adder.
The adder is severely wounded.
* * * LOW HITPOINT WARNING * * *
You feel sick. The adder bites you but does no damage.
You hit the adder but do no damage.
The adder is severely wounded.
The adder closely misses you.
You barely miss the adder.
The adder is severely wounded.
The adder closely misses you.
You miss the adder.
The adder is severely wounded.
You die...

########
#......# ##
#......#####....
###.....h#.....#
#......ghS@#
.......rl###
...............
.[...####.####.
.... ... ...
.w.. .. ....# .
_..... ..#.


You could see an adder, a quokka, 2 jackals, a goblin and a frilled lizard.

Vanquished Creatures
  A dart slug (D:1)
  A leopard gecko (D:1)
  A giant cockroach (D:1)
  3 hobgoblins (D:1)
  3 goblins (D:1)
  A rat (D:1)
10 creatures vanquished.

Notes
Turn   | Place    | Note
-------+----------+-------------------------------------------
     0 | D:1      | frenix the Demonspawn Transmuter began the quest for the
                  | Orb.
     0 | D:1      | Reached XP level 1. HP: 15/15 MP: 3/3
   552 | D:1      | Gained mutation: You sometimes gain a little power by
                  | taking damage. [demonic ancestry]
   552 | D:1      | Reached XP level 2. HP: 9/21 MP: 3/5
   856 | D:2      | Found an ornate altar of the Wu Jian Council.
   870 | D:2      | HP: 1/21 [poisoned by an adder]
   873 | D:2      | Succumbed to an adder's poison

Levels and vault maps discovered:
D:1:      lemuel_arrival_rhombus, layout_basic, minmay_indecisive_spiral
D:2:      layout_rooms, old_standard_altar, first_ration

Skill      XL: |  1 |
---------------+----+-----
Transmutations | 2 |  2.2
Fighting       | |  1.0
Dodging        | |  1.7
Stealth        | |  0.2
Unarmed Combat | |  2.6
Spellcasting   | |  2.4

Action                   || total
-------------------------++-------
Melee: Unarmed           ||    41
       Headbutt          ||     3
       Kick              ||     3
 Cast: Beastly Appendage ||     6
  Use: Scroll            ||     6
Armor: Robe              ||     7
Dodge: Dodged            ||    27

Table legend:
 A = Non-vault XP
 B = Vault XP
 C = Vault XP percentage of total XP
 D = Non-vault monster count
 E = Vault monster count
 F = Vault count percentage of total count
                 A         B        C        D         E       F
            +---------+---------+-------+---------+---------+-------
      Total |      12 |       9 |  42.9 |       6 |       4 |  40.0
            +---------+---------+-------+---------+---------+-------
        D:1 |      12 |       9 |  42.9 |       6 |       4 |  40.0
            +---------+---------+-------+---------+---------+-------
